 Dungeon Crawl Stone Soup version 0.29-a0-330-g52719c12eb (webtiles) character file.

Game seed: 18038915199482828490

247 kae the Gusty (level 6, -15/53 HPs)
             Began as an Ogre Air Elementalist on Apr 14, 2022.
             Killed by an exploding Edmund (44 damage)
             ... ignited by their inner flame
             ... on level 4 of the Dungeon.
             The game lasted 00:02:51 (4899 turns).

kae the Gusty (Ogre Air Elementalist)               Turns: 4899, Time: 00:02:52

Health: -15/53     AC:  6    Str: 13    XL:     6   Next: 11%
Magic:  7/11       EV: 10    Int: 18    God:
Gold:   240        SH:  0    Dex: 15    Spells: 11/12 levels left

rFire   . . .      SeeInvis .   j - +0 quarterstaff
rCold   . . .      Faith    .   (shield currently unavailable)
rNeg    . . .      Spirit   .   a - +0 robe
rPois   .          Reflect  .   (helmet restricted)
rElec   .          Harm     .   g - +2 cloak
rCorr   .          Rampage  .   (gloves unavailable)
Will    +....                   (boots unavailable)
Stlth   ++........              (no amulet)
HPRegen 0.17/turn               f - +6 ring of dexterity
MPRegen 0.12/turn               h - ring of willpower

@: no status effects
A: large, unfitting armour, tough skin 1
a: no special abilities


You were on level 4 of the Dungeon.
You visited 1 branch of the dungeon, and saw 4 of its levels.

You collected 240 gold pieces.

Inventory:

Hand Weapons
 j - a +0 quarterstaff (weapon)
Armour
 a - a +0 robe (worn)
 g - a +2 cloak (worn)
Jewellery
 f - a +6 ring of dexterity (left hand)
 h - a ring of willpower (right hand)
 k - a ring of protection from cold
Scrolls
 d - 2 scrolls of identify
Potions
 c - a potion of curing
 e - a potion of mutation


   Skills:
 - Level 1.7 Dodging
 - Level 1.4 Stealth
 + Level 3.9 Spellcasting
 + Level 2.6 Conjurations
 * Level 4.7 Air Magic


You had 11 spell levels left.
You knew the following spells:

 Your Spells              Type           Power      Damage    Failure   Level
a - Shock                 Conj/Air       64%        1d7       3%          1

Your spell library contained the following spells:

 Spells                   Type           Power      Damage    Failure   Level
 Static Discharge         Conj/Air       16%        N/A       4%          2
 Swiftness                Air            20%        N/A       6%          3
 Animate Skeleton         Necr           6%         N/A       16%         1
 Apportation              Tloc           6%         N/A       16%         1
 Pain                     Necr           12%        1d4       16%         1
 Summon Small Mammal      Summ           12%        N/A       16%         1
 Airstrike                Air            10%        N/A       22%         4
 Agony                    Necr           3%         N/A       99%         5
 Excruciating Wounds      Necr           1%         N/A       99%         5


Dungeon Overview and Level Annotations

Branches:
Dungeon (4/15)             Temple (0/1) D:4

Altars:
The Shining One

Shops:
D:4 *

Annotations:
D:2 1 runed translucent door, Crazy Yiuf


Innate Abilities, Weirdness & Mutations

You are too large for most types of armour.
You have tough skin. (AC +1)


Message History

You aren't carrying any items that you can evoke.
Casting: Shock (safe; 3% risk of failure)
Confirm with . or Enter, or press ? or * to list all spells.
Aiming: Shock (safe; 3% risk of failure)
Press: ? - help, Shift-Dir - straight line, f - Edmund
Aim: Edmund, wielding a +2 flail of holy wrath and wearing a +0 scale mail (inner flame, 75% to hit)
The zap hits Edmund.
Flame seeps out of Edmund.
Edmund is lightly wounded.
Edmund is engulfed in blazing flames.
Flame seeps out of Edmund.
Edmund hits you with a +2 flail of holy wrath.
Casting: Shock (safe; 3% risk of failure)
Confirm with . or Enter, or press ? or * to list all spells.
Aiming: Shock (safe; 3% risk of failure)
Press: ? - help, Shift-Dir - straight line, f/p - Edmund
Aim: Edmund, wielding a +2 flail of holy wrath and wearing a +0 scale mail (flame, moderately wounded, inner flame, 75% to hit)
The zap hits Edmund.
Flame seeps out of Edmund.
Edmund is moderately wounded.
Edmund is engulfed in blazing flames.
Flame seeps out of Edmund.
Edmund barely misses you.
Casting: Shock (safe; 3% risk of failure)
Confirm with . or Enter, or press ? or * to list all spells.
Aiming: Shock (safe; 3% risk of failure)
Press: ? - help, Shift-Dir - straight line, f/p - Edmund
Aim: Edmund, wielding a +2 flail of holy wrath and wearing a +0 scale mail (flame, heavily wounded, inner flame, 75% to hit)
The zap hits Edmund.
Flame seeps out of Edmund.
Edmund is heavily wounded.
Edmund is engulfed in blazing flames.
Flame seeps out of Edmund.
Edmund hits you with a +2 flail of holy wrath.
Casting: Shock (safe; 3% risk of failure)
Confirm with . or Enter, or press ? or * to list all spells.
Aiming: Shock (safe; 3% risk of failure)
Press: ? - help, Shift-Dir - straight line, f/p - Edmund
Aim: Edmund, wielding a +2 flail of holy wrath and wearing a +0 scale mail (almost dead, inner flame, 75% to hit)
The zap hits Edmund!
Flame seeps out of Edmund.
Edmund is almost dead.
Edmund is engulfed in blazing flames.
Edmund explodes!
The tree burns like a torch!
The fiery explosion engulfs you!!!
Ouch! That really hurt!
You die...

,,,*#.# ##...#.#
8,,,#.##############.#
,,**#..†.............#
*** ###############..#
************** ##.#
,,,,,,,,,,>,,* #.#
,***********,* ♣♣♣ #.#
,*,,,,,,,* *,#♣♣∩♣♣#.#
,**,*,**,* **#§§@.♣#.#
***,*,>,,* ###§○§..#.#
*,**######(.§§§)...#
*,* #...##.........#
*,* #.#.##.#.§⌠..###
*,* #.#....#.§§§♣#
*,**#.######♣♣§♣.#
*,,,..* ♣♣♣## ****##*


There were no monsters in sight!

Vanquished Creatures
  Edmund (D:4)
  2 orc priests (D:3)
  9 adders
  A white imp (D:3)
  2 dart slugs (D:1)
  6 orcs (D:3)
  6 ball pythons (D:1)
  7 endoplasms
  4 giant cockroaches
  5 goblins
  4 hobgoblins
  7 jackals
  4 kobolds
  8 quokkas
  3 bats
  5 frilled lizards
  21 rats
95 creatures vanquished.

Vanquished Creatures (others)
  12 plants (D:3)
12 creatures vanquished.

Grand Total: 107 creatures vanquished

Notes
Turn   | Place    | Note
-------+----------+-------------------------------------------
     0 | D:1      | kae the Ogre Air Elementalist began the quest for the Orb.
     0 | D:1      | Reached XP level 1. HP: 16/16 MP: 3/3
    67 | D:1      | Reached skill level 1 in Conjurations
   214 | D:1      | Reached skill level 3 in Air Magic
   214 | D:1      | Reached XP level 2. HP: 24/24 MP: 2/5
   925 | D:1      | Reached XP level 3. HP: 25/31 MP: 0/7
  1203 | D:1      | Found a faded altar of an unknown god.
  2035 | D:2      | Reached XP level 4. HP: 39/39 MP: 4/8
  2246 | D:2      | Found a runed translucent door.
  2247 | D:2      | Noticed Crazy Yiuf
  2663 | D:2      | Reached skill level 4 in Air Magic
  3021 | D:3      | Reached XP level 5. HP: 27/45 MP: 1/10
  3360 | D:3      | Found a glowing golden altar of the Shining One.
  4008 | D:3      | Reached XP level 6. HP: 53/53 MP: 6/11
  4849 | D:4      | Found Luiryma's Fire Supplies.
  4884 | D:4      | Noticed Edmund
  4899 | D:4      | Killed Edmund
  4899 | D:4      | Killed by an exploding Edmund... ignited by their inner
                  | flame

Illustrated notes

Levels and vault maps discovered:
D:1:      amcnicky_arrival_feature_with_door, layout_basic,
          dreamdust_ecumenical_altar_grove
D:2:      layout_basic, minmay_quadrilaterals, uniq_crazy_yiuf_cottage
D:3:      layout_loops_corners, mainiacjoe_overflow_catwalk, serial_bayou,
          serial_bayou_lagoon_b, serial_bayou_pond_a, serial_bayou_shore_a,
          serial_bayou_lagoon_a, serial_bayou_ford_a, minmay_crystal_room,
          minmay_rat_hole
D:4:      layout_basic, mainiacjoe_overflow_alcove_2,
          minmay_temple_entry_drinking_statues, nicolae_shop_fire_sale
          [nicolae_sub_dead_trees], uniq_duvessa, uniq_edmund

Skill      XL: |  1  2  3  4 |
---------------+-------------+-----
Conjurations   | 1 2 |  2.6
Air Magic      | 3 4 |  4.7
Spellcasting   | 3 |  3.9
Dodging        | |  1.7
Stealth        | |  1.4

Action                   |  1- 3 |  4- 6 || total
-------------------------+-------+-------++-------
Melee: Unarmed           |    82 |    14 ||    96
 Cast: Shock             |    82 |   123 ||   205
  Use: Scroll            |     4 |     5 ||     9
       Potion            |       |     3 ||     3
Armor: Robe              |    40 |    21 ||    61
       Skin              |       |     3 ||     3
Dodge: Dodged            |    69 |    15 ||    84

Table legend: (Time is in decaauts)
 A = Elapsed time spent in this place.
 B = Non-inter-level travel time spent in this place.
 C = Inter-level travel time spent in this place.
 D = Time resting spent in this place.
 E = Time spent auto-exploring this place.
 F = Levels seen in this place.
 G = Mean time per level.
                   A        B        C        D        E       F      G
               +--------+--------+--------+--------+--------+-----+--------+
         Total |   4960 |   4826 |    134 |    408 |   3917 |   4 | 1240.0 |
       Dungeon |   4960 |   4826 |    134 |    408 |   3917 |   4 | 1240.0 |
               +--------+--------+--------+--------+--------+-----+--------+

Top non-repeatable levels by time:
     D:1: 1693 daAuts
     D:3: 1671 daAuts
     D:2: 1468 daAuts
     D:4: 127 daAuts
